 Dungeon Crawl Stone Soup version 0.30.1 (webtiles) character file.

Game seed: 17514023763593386109

2923 Graphine the Cleaver (level 9, -6/81 HPs)
             Began as a Hill Orc Fighter on July 7, 2023.
             Was a Believer of Sif Muna.
             Mangled by a killer bee (8 damage)
             ... on level 7 of the Dungeon.
             The game lasted 00:14:46 (6967 turns).

Graphine the Cleaver (Hill Orc Fighter)             Turns: 6967, Time: 00:14:47

Health: -6/81      AC: 12    Str: 21    XL:     9   Next: 79%
Magic:  14/14      EV:  8    Int: 10    God:    Sif Muna [**....]
Gold:   68         SH:  6    Dex: 10    Spells: 8/8 levels left

rFire   . . .        e - +6 broad axe (heavy)
rCold   . . .        c - +1 buckler
rNeg    + . .        g - +0 chain mail
rPois   .            (no helmet)
rElec   .            (no cloak)
rCorr   .            C - +1 pair of gloves {hurl}
SInv    .            (no boots)
Will    .....        E - amulet of faith Stlth
                     B - ring of positive energy
HPRegen 0.33/turn    (no ring)
MPRegen 0.14/turn

%: faith
@: about to teleport
A: no striking features
a: Renounce Religion, Channel Magic


You were on level 7 of the Dungeon.
You worshipped Sif Muna.
Sif Muna was pleased with you.
You visited 2 branches of the dungeon, and saw 8 of its levels.
You also visited: Sewer.

You collected 299 gold pieces.
You spent 231 gold pieces at shops.

Inventory:

Hand Weapons
 a - a +1 war axe of chaos
 e - a +6 heavy broad axe (weapon)
 q - a +2 short sword of speed
 t - a +2 short sword of distortion
Missiles
 o - 6 boomerangs (quivered)
Armour
 c - a +1 buckler (worn)
 g - a +0 chain mail (worn)
 C - a +1 pair of gloves of hurling (worn)
Jewellery
 m - an amulet of guardian spirit
 B - a ring of positive energy (left hand)
 E - an amulet of faith (around neck)
 G - a ring of wizardry
Wands
 k - a wand of light (2)
 r - a wand of charming (14)
Scrolls
 s - a scroll of fog
 v - 4 scrolls of teleportation
 x - a scroll of enchant armour
 y - a scroll of blinking
 z - 5 scrolls of identify
 F - a scroll of immolation {unknown}
Potions
 b - a potion of berserk rage
 d - a potion of might
 h - a potion of attraction {unknown}
 i - 2 potions of lignification
 j - 2 potions of degeneration {unknown}
 l - 3 potions of heal wounds {unknown}
 n - a potion of brilliance {unknown}
 p - 3 potions of curing
 u - a potion of haste {unknown}
 w - 2 potions of flight {unknown}
 A - a potion of magic {unknown}
 D - a potion of resistance {unknown}


   Skills:
 + Level 8.0 Fighting
 + Level 8.2 Axes
 + Level 7.2 Armour
 + Level 7.3 Shields
 + Level 7.5 Invocations


You had 8 spell levels left.
You didn't know any spells.
Your spell library contained the following spells:

 Spells                   Type           Power      Damage    Failure   Level
 Beastly Appendage        Tmut           0%         N/A       95%         1
 Freeze                   Ice            0%         1d3       95%         1
 Necrotise                Necr           0%         1d4       95%         1
 Sting                    Tmut/Pois      0%         1d3       95%         1
 Summon Small Mammal      Summ           0%         N/A       95%         1
 Cigotuvi's Dreadful Rot  Necr/Pois/Air  0%         N/A       99%         2
 Call Canine Familiar     Summ           0%         N/A       100%        3
 Frozen Ramparts          Ice            0%         1d1       100%        3
 Hailstorm                Conj/Ice       0%         3d3       100%        3
 Summon Guardian Golem    Hex/Summ       0%         N/A       100%        3
 Vampiric Draining        Necr           0%         2d6       100%        3
 Petrify                  Tmut/Erth      0%         N/A       100%        4
 Agony                    Necr           0%         N/A       100%        5


Dungeon Overview and Level Annotations

Branches:
Dungeon (7/15)             Temple (1/1) D:5           Sewer (visited)

Altars:
Ashenzari
Cheibriados
Dithmenos
Elyvilon
Fedhas
Gozag
Hepliaklqana
Makhleb
Nemelex Xobeh
Okawaru
Ru
Sif Muna
Trog
Uskayaw
Vehumet
Wu Jian
Xom
Yredelemnul
Zin
The Shining One

Shops:
D:2 :[   D:3 (   D:5 =


Message History

Okay, then.
You slash the killer bee!
You kill the killer bee!
Sif Muna accepts your kill.
You closely miss the killer bee. You miss the killer bee.
You hit the killer bee.
You feel very sick. The killer bee closely misses you.
The killer bee stings you but does no damage.
The killer bee stings you.
* * * LOW HITPOINT WARNING * * *
The killer bee closely misses you. The killer bee stings you.
* * * LOW HITPOINT WARNING * * *
The killer bee stings you.
* * * LOW HITPOINT WARNING * * *
You are lethally poisoned!
The killer bee poisons you! The killer bee stings you.
* * * LOW HITPOINT WARNING * * *
You are more poisoned.
The killer bee poisons you! The killer bee stings you.
* * * LOW HITPOINT WARNING * * *
You are more poisoned.
The killer bee poisons you! The killer bee barely misses you. x2
Your Fighting skill increases to level 8!
You feel better.
You feel less invigorated.
The killer bee stings you but does no damage.
The killer bee barely misses you. The killer bee closely misses you.
The killer bee stings you but does no damage. x3
You block the killer bee's attack.
The killer bee stings you but does no damage.
As you read the scroll of teleportation, it crumbles to dust.
You feel strangely unstable. The killer bee stings you.
* * * LOW HITPOINT WARNING * * *
The killer bee stings you but does no damage.
The killer bee stings you.
* * * LOW HITPOINT WARNING * * *
The killer bee stings you!
* * * LOW HITPOINT WARNING * * *
You block the killer bee's attack. The killer bee stings you!
You die...

#.... ######.. ##.....#.
###### #......#. #....#
#.#...### .
##....#####.#..#... ....
#...........#..#...
.....#yy...##.####.##...
#..hy@...##.....#..###
#..##y......#####.....
#..##.....#.#...#..###
#..####..##.#.##.##...
#..#....#.........#...
#..#>.......#.....#...
#..######..##......###
#..######...........#.
#...........#####...#.


You could see a hound and 4 killer bees.

Vanquished Creatures
  Maggie (D:6)
  2 steam dragons
  A water moccasin (D:5)
  Duvessa (D:6)
  2 ice beasts
  An ogre (D:3)
  A black bear (D:6)
  2 centaurs (D:7)
  2 bullfrogs (Sewer)
  2 scorpions
  4 wights (D:7)
  2 killer bees (D:7)
  Dowan (D:6)
  A howler monkey (D:6)
  5 orc priests
  4 jellies
  4 hounds
  2 gnoll boudas (D:5)
  Jessica (D:3)
  3 iguanas (D:5)
  6 orc wizards
  10 gnolls (D:5)
  9 adders
  2 river rats (D:5)
  2 worms
  2 dart slugs
  28 orcs
  17 ball pythons
  3 bats
  10 endoplasms
  12 giant cockroaches
  3 goblins
  5 hobgoblins
  8 jackals
  7 quokkas
  11 frilled lizards
  3 kobolds
  6 rats
186 creatures vanquished.

Notes
Turn   | Place    | Note
-------+----------+-------------------------------------------
     0 | D:1      | Graphine the Hill Orc Fighter began the quest for the Orb.
     0 | D:1      | Reached XP level 1. HP: 19/19 MP: 1/1
   196 | D:1      | Reached XP level 2. HP: 26/27 MP: 2/2
   332 | D:1      | Reached skill level 1 in Invocations
   686 | D:1      | Reached XP level 3. HP: 33/33 MP: 3/3
   860 | D:1      | Identified a scroll of acquirement
   860 | D:1      | Acquired a +2 heavy broad axe
   863 | D:2      | Found Omiodiri's Armour Shop.
  1743 | D:2      | Found Bytuoc's Vocational Training.
  1875 | D:2      | Found a shimmering altar of Xom.
  2141 | D:3      | Noticed Jessica
  2144 | D:3      | Killed Jessica
  2145 | D:3      | Reached XP level 4. HP: 37/40 MP: 5/5
  2242 | D:3      | Noticed an ogre
  2244 | D:3      | Killed an ogre
  2245 | D:3      | Reached XP level 5. HP: 47/47 MP: 5/7
  2430 | D:3      | Found Ziwn's Antique Weapon Shop.
  2470 | D:3      | Got the Catalogue of Repulsive Transmigration
  2525 | D:3      | Reached XP level 6. HP: 54/55 MP: 8/8
  2991 | D:4      | Reached skill level 5 in Fighting
  3195 | D:4      | Reached skill level 5 in Axes
  3195 | D:4      | Reached XP level 7. HP: 55/61 MP: 9/9
  3546 | D:5      | Entered Level 5 of the Dungeon
  3688 | D:5      | Reached skill level 5 in Armour
  3688 | D:5      | Reached skill level 5 in Shields
  3829 | D:5      | Found a staircase to the Ecumenical Temple.
  3834 | Temple   | Entered the Ecumenical Temple
  3840 | Temple   | Became a worshipper of Sif Muna the Loreminder
  3951 | D:5      | Reached XP level 8. HP: 68/70 MP: 11/11
  3965 | D:5      | Found a shimmering altar of Xom.
  3965 | D:5      | Found a sacrificial altar of Ru.
  4135 | D:5      | Found a glowing drain.
  4140 | Sewer    | Entered a sewer
  4217 | Sewer    | Reached skill level 5 in Invocations
  4254 | Sewer    | Reached * piety under Sif Muna
  4545 | D:5      | Found Kaidino's Jewellery Boutique.
  5163 | D:2      | Bought a +1 pair of gloves of hurling for 231 gold pieces
  5305 | D:6      | Noticed Maggie
  5316 | D:6      | Killed Maggie
  5757 | D:6      | Reached XP level 9. HP: 75/79 MP: 11/13
  5787 | D:6      | Reached ** piety under Sif Muna
  6283 | D:6      | Noticed Duvessa
  6283 | D:6      | Noticed Dowan
  6291 | D:6      | Killed Duvessa
  6292 | D:6      | Killed Dowan
  6965 | D:7      | HP: 2/81 [killer bee (4)]
  6967 | D:7      | Mangled by a killer bee

Illustrated notes

Levels and vault maps discovered:
D:1:      kilobyte_arrival_exit_the_forest, layout_basic
D:2:      layout_rooms, serial_shops, nicolae_shop_trees, basic_altar,
          st_stairs_14, nicolae_shop_vocational
D:3:      layout_loops_ring, serial_glass, glass_columns_a, glass_columns_c,
          minmay_strange_pillars, due_unseen_surprise, serial_shops, shop,
          minmay_misc_feat_chi, uniq_jessica
D:4:      layout_rooms, minmay_stone_trees_small, serial_bayou_pond_d
D:5:      layout_loops_ring, gammafunk_temple_overflow_elements, temple_doors_e,
          portal_sewer_entry_e, serial_shops, shop
D:6:      layout_gridville, corner_web_ring, chequers_serial_rivers_micro_e,
          uniq_maggie, uniq_duvessa
D:7:      layout_basic, minmay_strange_pillars, nicolae_titane
Temple:   nicolae_temple_no_exploring_needed

Skill      XL: |  1  2  3  4  5  6  7  8  9 |
---------------+----------------------------+-----
Axes           | 3 4 5 7 8 |  8.2
Invocations    | 1 2 3 4 6 7 |  7.5
Fighting       | 4 5 7 8 |  8.0
Armour         | 4 5 6 7 |  7.2
Shields        | 4 5 6 7 |  7.3

Action                     |  1- 3 |  4- 6 |  7- 9 || total
---------------------------+-------+-------+-------++-------
  Melee: War axe           |    65 |       |       ||    65
         Broad axe         |    34 |    55 |   216 ||   305
  Throw: Boomerang         |       |       |    17 ||    17
  Evoke: Wand              |       |       |     4 ||     4
    Use: Scroll            |    12 |     4 |     5 ||    21
         Potion            |       |     3 |     3 ||     6
   Stab: Invisible         |       |       |     2 ||     2
 Armour: Scale mail        |    18 |       |       ||    18
         Chain mail        |    43 |    30 |   211 ||   284
         Skin              |       |     7 |       ||     7
  Dodge: Dodged            |    45 |    20 |   120 ||   185
  Block: Buckler           |    25 |    15 |   113 ||   153
